 Dungeon Crawl Stone Soup version 0.29-a0-333-gb4c28e87c6 (webtiles) character file.

Game seed: 18142488884483052412

11899 Jortsu the Cleaver (level 11, -3/86 HPs)
             Began as a Demonspawn Fighter on Apr 13, 2022.
             Was a High Priest of Okawaru.
             Slain by a 15-headed hydra (9 damage)
             ... on level 11 of the Dungeon.
             The game lasted 00:18:12 (9295 turns).

Jortsu the Cleaver (Demonspawn Fighter)             Turns: 9295, Time: 00:18:13

Health: -3/86      AC: 26    Str: 27    XL:     11   Next: 55%
Magic:  11/12      EV:  8    Int: 10    God:    Okawaru [*****.]
Gold:   699        SH: 18    Dex: 12    Spells: 10/10 levels left

rFire   . . .      SeeInvis .   K - +3 war axe (freeze)
rCold   + . .      Faith    .   p - +0 tower shield
rNeg    . . .      Spirit   .   y - +0 plate armour
rPois   .          Reflect  .   x - +2 helmet
rElec   .          Harm     .   h - +1 cloak
rCorr   .          Rampage  .   (no gloves)
Will    .....                   H - +2 pair of boots {Stlth+}
Stlth   ..........              w - amulet of regeneration
HPRegen 1.04/turn               l - +6 ring of strength
MPRegen 0.13/turn               C - ring of protection from cold

@: heroic
A: hooves 1, (demonic guardian 2), spiny 2, sharp scales 1, bedeviling
a: Renounce Religion, Heroism, Finesse, Duel


You were on level 11 of the Dungeon.
You worshipped Okawaru.
Okawaru was extremely pleased with you.
You visited 1 branch of the dungeon, and saw 11 of its levels.

You collected 699 gold pieces.

Inventory:

Hand Weapons
 a - a +2 war axe
 K - a +3 war axe of freezing (weapon)
Missiles
 r - a throwing net (quivered)
Armour
 h - a +1 cloak (worn)
 p - a +0 tower shield (worn)
 x - a +2 helmet (worn)
 y - a +0 plate armour (worn)
 H - a +2 pair of boots of stealth (worn)
Jewellery
 c - a ring of wizardry
 l - a +6 ring of strength (left hand)
 t - an amulet of the acrobat
 w - an amulet of regeneration (around neck)
 C - a ring of protection from cold (right hand)
 D - a +4 ring of protection
 E - a ring of poison resistance
 I - a +6 ring of intelligence
Wands
 b - a wand of flame (38)
 f - a wand of iceblast (13)
 o - a wand of polymorph (8)
 G - a wand of paralysis (5)
Scrolls
 k - 5 scrolls of teleportation
 m - 3 scrolls of blinking
 u - 3 scrolls of magic mapping
 v - a scroll of silence
 B - 2 scrolls of enchant weapon
 F - a scroll of fear
 M - a scroll of amnesia
Potions
 d - a potion of might
 e - a potion of flight
 g - 3 potions of attraction
 i - 6 potions of haste
 j - 2 potions of berserk rage
 n - 3 potions of heal wounds
 q - 4 potions of brilliance
 s - 8 potions of curing
 z - 2 potions of resistance {unknown}
 A - a potion of mutation
 J - 2 potions of lignification {unknown}
 L - a potion of ambrosia {unknown}


   Skills:
 + Level 7.8(12.8) Fighting
 + Level 10.4(15.4) Axes
 + Level 7.9(12.9) Armour
 + Level 1.7(6.7) Dodging
 + Level 1.2(6.2) Stealth
 + Level 9.5(14.5) Shields
 + Level 1.4 Invocations


You had 10 spell levels left.
You didn't know any spells.
Your spell library contained the following spells:

 Spells                   Type           Power      Damage    Failure   Level
 Shock                    Conj/Air       0%         1d3       100%        1
 Ensorcelled Hibernation  Hex/Ice        0%         N/A       100%        2
 Dazzling Flash           Conj/Hex       0%         N/A       100%        3
 Gell's Gravitas          Tloc           0%         N/A       100%        3
 Lesser Beckoning         Tloc           0%         N/A       100%        3
 Portal Projectile        Hex/Tloc       0%         N/A       100%        3
 Spider Form              Tmut/Pois      0%         N/A       100%        3
 Teleport Other           Tloc           0%         N/A       100%        3
 Airstrike                Air            0%         N/A       100%        4
 Anguish                  Hex/Necr       0%         N/A       100%        4
 Fulminant Prism          Conj/Hex       0%         3d6       100%        4
 Leda's Liquefaction      Hex/Erth       0%         N/A       100%        4
 Agony                    Necr           0%         N/A       100%        5
 Blade Hands              Tmut           0%         N/A       100%        5
 Lightning Bolt           Conj/Air       0%         1d11      100%        5
 Silence                  Hex/Air        0%         N/A       100%        5
 Iron Shot                Conj/Erth      0%         9d1       100%        6
 Starburst                Conj/Fire      0%         6d3       100%        6
 Fire Storm               Conj/Fire      0%         5d1       100%        9
 Call Canine Familiar     Summ           Unusable   N/A       N/A         3
 Animate Armour           Summ/Erth      Unusable   N/A       N/A         4
 Summon Lightning Spire   Summ/Air       Unusable   N/A       N/A         4

Dungeon Overview and Level Annotations

Branches:
Dungeon (11/15)            Temple (0/1) D:5            Lair (0/6) D:8
    Orc: D:9-12

Altars:
Gozag
Hepliaklqana
Kikubaaqudgha
Okawaru
Qazlal
Sif Muna
Trog
Uskayaw
Vehumet
Wu Jian
Xom
Yredelemnul
Zin
The Shining One
Beogh

Shops:
D:2 [   D:3 ?   D:7 (

Annotations:
D:4 3 runed translucent doors, slavik159's ghost, amateur HOMo
D:6 2 transporters
D:7 1 runed translucent door, Dabor's ghost, novice HOFi


Innate Abilities, Weirdness & Mutations

You have large cloven feet.
((A demonic guardian rushes to your aid.))
You are mostly covered in sharp spines.
You are partially covered in razor-sharp scales. (AC +1, Slay +1)
Your hexes are more powerful.


Message History

The 13-headed hydra seems to slow down.
You freeze the 13-headed hydra.
The 13-headed hydra is moderately wounded.
The 13-headed hydra is struck by your spines.
The 13-headed hydra bites you. x2
* * * LOW HITPOINT WARNING * * *
You block the 13-headed hydra's attack. x2
The 13-headed hydra barely misses you.
The 13-headed hydra completely misses you.
The 13-headed hydra bites you.
* * * LOW HITPOINT WARNING * * *
You block the 13-headed hydra's attack.
The 13-headed hydra bites you but does no damage.
The 13-headed hydra completely misses you.
The 13-headed hydra closely misses you.
The 13-headed hydra bites you but does no damage.
The 13-headed hydra bites you!
* * * LOW HITPOINT WARNING * * *
You chop one of the 13-headed hydra's heads off!
The 12-headed hydra grows two more!
You slash the 14-headed hydra! You freeze the 14-headed hydra.
The 14-headed hydra is moderately wounded.
You slice one of the 14-headed hydra's heads off!
The 13-headed hydra grows two more!
You slash the 15-headed hydra! You freeze the 15-headed hydra.
The 15-headed hydra is moderately wounded.
You block the 15-headed hydra's attack.
The 15-headed hydra bites you but does no damage.
You block the 15-headed hydra's attack.
The 15-headed hydra bites you but does no damage. x2
You block the 15-headed hydra's attack.
The 15-headed hydra bites you but does no damage.
The 15-headed hydra closely misses you. The 15-headed hydra bites you.
* * * LOW HITPOINT WARNING * * *
You block the 15-headed hydra's attack. x2
The 15-headed hydra bites you but does no damage.
The 15-headed hydra bites you.
* * * LOW HITPOINT WARNING * * *
The 15-headed hydra bites you but does no damage.
The 15-headed hydra bites you!
You die...

........#
#.####........
#####.### #.# #........
#.# #.# #........ ###.#
#.# #####+### #...# #.#
#.### #.# #.#
#######.## ###.##
#........# #....#
#####..@D....#
#....#####............#
#..........###........#
#....#######
#.......... ######
#........## ##########


You could see a 15-headed hydra (slow).

Vanquished Creatures
  Erolcha (D:9)
  A boulder beetle (D:11)
  2 two-headed ogres
  2 cyclopes
  A manticore (D:11)
  A gargoyle (D:10)
  An unseen horror (D:10)
  2 komodo dragons (D:8)
  2 trolls
  4 hornets
  2 shadows
  A wyvern (D:11)
  7 yaks
  3 water moccasins
  2 acid dragons
  2 ice beasts
  A black bear (D:8)
  4 orc warriors
  An ogre (D:5)
  A phantom (D:6)
  3 centaurs
  2 kobold brigands
  3 gnoll sergeants
  8 bullfrogs
  A necrophage (D:7)
  2 scorpions (D:8)
  14 wights
  9 killer bees
  7 howler monkeys
  A jelly (D:8)
  2 hounds (D:6)
  3 orc priests (D:8)
  4 iguanas
  4 orc wizards
  7 gnolls
  9 adders
  A shadow imp (D:6)
  A white imp (D:6)
  An ufetubus (D:5)
  A worm (D:2)
  3 dart slugs
  21 orcs
  2 bats
  4 endoplasms
  3 giant cockroaches
  9 goblins
  11 hobgoblins
  5 quokkas
  12 ball pythons
  4 frilled lizards
  14 kobolds
  7 rats
219 creatures vanquished.

Vanquished Creatures (others)
  46 fungi (D:8)
  37 plants (D:8)
  2 withered plants (D:7)
85 creatures vanquished.

Grand Total: 304 creatures vanquished

Notes
Turn   | Place    | Note
-------+----------+-------------------------------------------
     0 | D:1      | Jortsu the Demonspawn Fighter began the quest for the Orb.
     0 | D:1      | Reached XP level 1. HP: 18/18 MP: 1/1
   233 | D:1      | Gained mutation: You have large cloven feet. [demonic
                  | ancestry]
   233 | D:1      | Reached XP level 2. HP: 17/24 MP: 2/2
   358 | D:1      | Found a faded altar of an unknown god.
   365 | D:1      | Prayed at the altar of an unknown god.
   365 | D:1      | Became a worshipper of Warmaster Okawaru
   365 | D:1      | Reached * piety under Okawaru
  1032 | D:1      | Reached skill level 2 in Axes
  1405 | D:2      | Gained mutation: A weak demonic guardian rushes to your
                  | aid. [demonic ancestry]
  1405 | D:2      | Reached XP level 3. HP: 27/29 MP: 3/3
  1499 | D:2      | Reached XP level 4. HP: 35/35 MP: 4/4
  1634 | D:2      | Found a radiant altar of Vehumet.
  1745 | D:2      | Identified the +10 dagger "Pumosch" {flame, *Corrode Will+
                  | Dex+4 SInv}
  1897 | D:2      | Found Udiskenu's Armour Shop.
  2592 | D:3      | Reached skill level 3 in Axes
  2592 | D:3      | Gained mutation: A demonic guardian rushes to your aid.
                  | [demonic ancestry]
  2592 | D:3      | Reached XP level 5. HP: 21/41 MP: 5/5
  2785 | D:3      | Found Fityewk's Magic Scroll Emporium.
  3182 | D:4      | Noticed slavik159's ghost (amateur HOMo)
  3484 | D:4      | Found a runed translucent gate.
  3577 | D:4      | Found a hide-covered altar of Uskayaw.
  3657 | D:4      | Found a runed translucent gate.
  3658 | D:4      | Found a runed translucent gate.
  3933 | D:5      | Entered Level 5 of the Dungeon
  4109 | D:5      | Noticed an ogre
  4119 | D:5      | Killed an ogre
  4120 | D:5      | Gained mutation: You are partially covered in sharp spines.
                  | [demonic ancestry]
  4120 | D:5      | Reached XP level 6. HP: 48/48 MP: 3/6
  4152 | D:5      | Found an ancient bone altar of Kikubaaqudgha.
  4157 | D:5      | Found a bloodstained altar of Trog.
  4168 | D:5      | Found a basalt altar of Yredelemnul.
  4184 | D:5      | Found a shimmering altar of Xom.
  4191 | D:5      | Found an opulent altar of Gozag.
  4197 | D:5      | Found an ornate altar of the Wu Jian Council.
  4262 | D:5      | Found a staircase to the Ecumenical Temple.
  4287 | D:5      | Reached skill level 4 in Axes
  4541 | D:5      | Reached ** piety under Okawaru
  4856 | D:6      | Found a transporter.
  4865 | D:6      | Noticed a kobold demonologist
  4908 | D:6      | Gained mutation: You are mostly covered in sharp spines.
                  | [demonic ancestry]
  4908 | D:6      | Reached XP level 7. HP: 52/54 MP: 7/7
  4921 | D:6      | Found a transporter.
  4931 | D:6      | Found a hazy altar of Hepliaklqana.
  5062 | D:6      | Reached skill level 1 in Dodging
  5483 | D:6      | Reached skill level 5 in Axes
  5558 | D:7      | Reached skill level 5 in Shields
  5567 | D:7      | Reached XP level 8. HP: 61/61 MP: 8/8
  5576 | D:7      | Reached *** piety under Okawaru
  5621 | D:7      | Found Opiexkoa's Antique Weapon Shop.
  5703 | D:7      | Reached skill level 5 in Armour
  5761 | D:7      | Found a runed translucent door.
  5761 | D:7      | Noticed Dabor's ghost (novice HOFi)
  6217 | D:8      | Noticed a hornet
  6235 | D:8      | Reached skill level 5 in Fighting
  6248 | D:8      | Killed a hornet
  6249 | D:8      | Reached skill level 6 in Axes
  6309 | D:8      | Found a shimmering blue altar of Sif Muna.
  6344 | D:8      | Gained mutation: You are partially covered in razor-sharp
                  | scales. (AC +1, Slay +1) [demonic ancestry]
  6344 | D:8      | Reached XP level 9. HP: 68/68 MP: 9/9
  6347 | D:8      | Found a staircase to the Lair.
  6365 | D:8      | Noticed a komodo dragon
  6369 | D:8      | Noticed a komodo dragon
  6374 | D:8      | Reached **** piety under Okawaru
  6375 | D:8      | Killed a komodo dragon
  6379 | D:8      | Killed a komodo dragon
  6468 | D:8      | Reached skill level 7 in Axes
  7044 | D:8      | Reached ***** piety under Okawaru
  7245 | D:9      | Reached XP level 10. HP: 72/76 MP: 7/10
  7252 | D:9      | Reached skill level 8 in Axes
  7387 | D:9      | Noticed a two-headed ogre
  7396 | D:9      | Killed a two-headed ogre
  7396 | D:9      | Received a gift from Okawaru
  7397 | D:9      | Reached skill level 1 in Invocations
  7438 | D:9      | Got the Incunabulum of Arcane Weapons
  7697 | D:9      | Noticed Erolcha
  7720 | D:9      | Killed Erolcha
  7721 | D:9      | Reached skill level 9 in Axes
  7965 | D:10     | Entered Level 10 of the Dungeon
  8083 | D:10     | Noticed a gargoyle
  8105 | D:10     | Killed a gargoyle
  8128 | D:10     | Identified the +8 dagger of Blue Valiance {drain, Fly rF+
                  | rC+}
  8220 | D:10     | Reached skill level 1 in Stealth
  8292 | D:10     | Found a stormy altar of Qazlal.
  8306 | D:10     | Noticed a cyclops
  8315 | D:10     | Killed a cyclops
  8316 | D:10     | Gained mutation: Your hexes are more powerful. [demonic
                  | ancestry]
  8316 | D:10     | Reached XP level 11. HP: 77/81 MP: 11/11
  8865 | D:11     | Noticed a boulder beetle
  8891 | D:11     | Killed a boulder beetle
  8892 | D:11     | Reached skill level 10 in Axes
  9057 | D:11     | Noticed a two-headed ogre
  9065 | D:11     | Killed a two-headed ogre
  9215 | D:11     | Reached ****** piety under Okawaru
  9282 | D:11     | Noticed a five-headed hydra
  9295 | D:11     | Slain by a 15-headed hydra

Illustrated notes

Levels and vault maps discovered:
D:1:      dpeg_arrival_prison, layout_loops_cross, basic_ecumenical_altar
D:2:      layout_basic, basic_altar, serial_shops, nicolae_shop_hallway_stairs
D:3:      layout_loops_corners, serial_shops, nicolae_shop_statue_plus
D:4:      layout_basic, amcnicky_altar_gilded, biasface_ghost_orc_armoury,
          grunt_decor_fettered
D:5:      layout_basic, grunt_temple_overflow_octagram,
          minmay_temple_entry_fiery
D:6:      gammafunk_wand_slinger, layout_loops_ring,
          chequers_temple_overflow_statue_of_worship
D:7:      layout_basic, gammafunk_ghost_grave, serial_shops, nicolae_shop_stone,
          dk_vineyard_2
D:8:      layout_basic, overflow_temple_1_default, due_lair_maze_entry_diamond,
          minmay_misc_feat_hallway, kennysheep_doodads, st_stairs_9,
          chequers_serial_rivers_room_b, minmay_misc_feat_columns,
          nicolae_elevator_lobby_plus
D:9:      layout_loops_cross, uniq_erolcha
D:10:     layout_roguey, nicolae_overflow_hidden_temple,
          kennysheep_generic_room_8
D:11:     layout_roguey

Skill      XL: |  1  2  3  4  5  6  7  8  9 10 11 |
---------------+----------------------------------+-----
Armour         | 3 4 5 6 7 |  7.9
Axes           | 2 3 4 5 6 7 9 10 | 10.4
Shields        | 3 4 5 6 7 8 9 |  9.5
Fighting       | 4 5 6 7 |  7.8
Dodging        | 1 |  1.7
Invocations    | 1 |  1.4
Stealth        | 1 |  1.2

Action                   |  1- 3 |  4- 6 |  7- 9 | 10-12 || total
-------------------------+-------+-------+-------+-------++-------
Melee: War axe           |    86 |   140 |   165 |   239 ||   630
       Kick              |    10 |    24 |    39 |    14 ||    87
Invok: Heroism           |       |     1 |     4 |     5 ||    10
  Use: Scroll            |     2 |    14 |     2 |     2 ||    20
Armor: Scale mail        |    41 |    72 |       |       ||   113
       Plate armour      |       |    13 |   115 |   110 ||   238
Dodge: Dodged            |    40 |    44 |    28 |    45 ||   157
Block: Buckler           |    14 |    14 |       |       ||    28
       Tower shield      |       |    70 |   176 |   205 ||   451

Table legend: (Time is in decaauts)
 A = Elapsed time spent in this place.
 B = Non-inter-level travel time spent in this place.
 C = Inter-level travel time spent in this place.
 D = Time resting spent in this place.
 E = Time spent auto-exploring this place.
 F = Levels seen in this place.
 G = Mean time per level.
                   A        B        C        D        E       F      G
               +--------+--------+--------+--------+--------+-----+--------+
         Total |   9578 |   9340 |    238 |    506 |   6587 |  11 |  870.7 |
       Dungeon |   9578 |   9340 |    238 |    506 |   6587 |  11 |  870.7 |
               +--------+--------+--------+--------+--------+-----+--------+

Top non-repeatable levels by time:
     D:1: 1331 daAuts
     D:3: 1187 daAuts
     D:8: 1139 daAuts
     D:5: 880 daAuts
    D:10: 843 daAuts
     D:4: 794 daAuts
     D:9: 765 daAuts
     D:7: 717 daAuts
     D:2: 706 daAuts
     D:6: 689 daAuts
    D:11: 523 daAuts
